 Dungeon Crawl Stone Soup version 0.30-a0-118-ga018f8e90f (webtiles) character file.

Game seed: 8434550108157881945

13213 Newt the Basher (level 11, 0/87 (90) HPs)
             Began as a Demonspawn Gladiator on Sept 13, 2022.
             Was an Initiate of Gozag.
             Slain by an orc warrior
             ... wielding a +2 halberd of electrocution
              (11 damage)
             ... in a bailey.
             The game lasted 00:12:47 (13127 turns).

Newt the Basher (Demonspawn Gladiator)             Turns: 13127, Time: 00:12:48

HP:   0/87 (90)     AC: 11    Str: 18    XL:     11   Next: 72%
MP:   11/11         EV: 11    Int: 10    God:    Gozag
Gold: 1309          SH:  0    Dex: 10    Spells: 10/10 levels left

rFire   + . .      SeeInvis +    G - +6 hand axe "Beetlebane" {protect, rPois Dex-5 SInv Stlth+}
rCold   . . .      Faith    .    (no shield)
rNeg    . . .      Spirit   .    j - +1 scale mail {rF+}
rPois   +          Reflect  .    c - +0 helmet
rElec   .          Harm     .    (no cloak)
rCorr   .          Rampage  .    (no gloves)
Will    .....                    z - +0 pair of boots
Stlth   +.........               (no amulet)
HPRegen 0.24/turn                (no ring)
MPRegen 0.12/turn                (no ring)

@: gold aura, lightly drained
A: ignite blood 2, demonic magic 1
a: Renounce Religion, Potion Petition, Call Merchant, Bribe Branch


You were in a bailey.
You worshipped Gozag.
Gozag was most pleased with you.
You visited 2 branches of the dungeon, and saw 9 of its levels.
You also visited: Sewer and Bailey.

You collected 1309 gold pieces.

Inventory:

Hand Weapons
 a - a +2 whip of venom
 b - a +1 whip of flaming
 h - a +0 rapier
 k - a +0 whip
 G - the +6 hand axe "Beetlebane" (weapon) {protect, rPois Dex-5 SInv Stlth+}
   (You found it on level 7 of the Dungeon)

   It grants its wielder temporary protection when it strikes (+7 to AC).
   Dex:       It affects your dexterity (-5).
   rPois:     It protects you from poison.
   SInv:      It lets you see invisible.
   Stlth:     It makes you more stealthy.
 H - the +6 long sword of Ipsorphu {vorpal, rC+ Will+ Str+3}
   (You found it on level 8 of the Dungeon)

   It inflicts extra damage upon your enemies.
   Str:       It affects your strength (+3).
   rC:        It protects you from cold.
   Will:      It increases your willpower.
Missiles
 d - 2 throwing nets (quivered)
 e - 3 javelins
 r - 24 poisoned darts
Armour
 c - a +0 helmet (worn)
 j - a +1 scale mail of fire resistance (worn)
 z - a +0 pair of boots (worn)
 A - a +0 leather armour
Jewellery
 l - a ring of protection from cold
 x - an amulet of reflection
 y - a +6 ring of intelligence
Wands
 C - a wand of charming (2)
 F - a wand of acid (4)
 I - a wand of iceblast (9)
Scrolls
 g - 3 scrolls of immolation
 m - 2 scrolls of vulnerability
 p - 2 scrolls of noise
 q - a scroll of enchant armour
 B - 2 scrolls of teleportation
Potions
 f - 2 potions of lignification
 i - 2 potions of resistance {unknown}
 n - a potion of curing
 o - 2 potions of haste {unknown}
 s - a potion of invisibility {unknown}
 t - a potion of berserk rage {unknown}
 u - 2 potions of mutation {unknown}
 v - a potion of degeneration {unknown}
 w - 3 potions of might
 D - 2 potions of brilliance {unknown}
 K - a potion of cancellation {unknown}


   Skills:
 - Level 10.0 Fighting
 - Level 2.6 Short Blades
 + Level 5.5(8.7) Axes
 - Level 10.4(11.0) Maces & Flails
 - Level 1.7 Throwing
 - Level 6.5 Armour
 - Level 6.0 Dodging
 - Level 2.0 Stealth
 - Level 4.6 Evocations


You had 10 spell levels left.
You didn't know any spells.
Your spell library contained the following spells:

 Spells                   Type           Power      Damage    Failure   Level
 Static Discharge         Conj/Air       0%         3-3/arc   85%         2
 Arcjolt                  Conj/Air       0%         1d10      100%        5
 Lightning Bolt           Conj/Air       0%         1d11      100%        5
 Maxwell's Capacitive Co  Air            0%         ∞         100%        8


Dungeon Overview and Level Annotations

Branches:
Dungeon (8/15)             Temple (1/1) D:7           Sewer (visited)
 Bailey (1/1)
   Lair: D:8-11

Altars:
Ashenzari
Cheibriados
Dithmenos
Gozag
Hepliaklqana
Kikubaaqudgha
Makhleb
Nemelex Xobeh
Qazlal
Ru
Sif Muna
Trog
Vehumet
Wu Jian
Xom
Yredelemnul

Shops:
D:4 (

Annotations:
D:8 1 runed translucent door


Innate Abilities, Weirdness & Mutations

Your demonic aura often causes spilled blood to erupt in flames.
Spells you cast may paralyse adjacent enemies.


Message History

The orc hits you but does no damage. The orc closely misses you.
The orc hits you from afar with a +0 spear.
* * * LOW HITPOINT WARNING * * *
The orc hits you from afar with a +0 spear.
* * * LOW HITPOINT WARNING * * *
The orc hits you but does no damage.
Unknown command.
You swap places.
The orc hits you but does no damage. The orc misses you.
The orc warrior hits you from afar with a +2 halberd of electrocution.
* * * LOW HITPOINT WARNING * * *
There is an open door, spattered with blood here.
Unknown command.
You closely miss the orc.
Your gnoll completely misses the orc.
The orc misses you. The orc barely misses you.
The orc warrior hits you from afar with a +2 halberd of electrocution.
* * * LOW HITPOINT WARNING * * *
You are electrocuted!
* * * LOW HITPOINT WARNING * * *
Unknown command.
Unknown command.
Blink to where?
Press: ? - help, Q - select action, (/) - cycle Dir - move target, p - gnoll
As you read the scroll of blinking, it crumbles to dust.
Something hits the orc but does no damage.
Aiming: Iceblast
Press: ? - help, Q - select action, (/) - cycle Shift-Dir - straight line The mass of ice explodes!
The iceblast engulfs the orc warrior.
The orc warrior is lightly wounded.
The iceblast engulfs the orc!!
You kill the orc!
The iceblast engulfs the orc!!
You kill the orc!
You hear a shout!
An orc comes into view. It is wielding a +0 halberd.
Unknown command.
You feel better. The orc barely misses you.
The orc warrior hits you from afar with a +2 halberd of electrocution!
You die...
Your body crumbles into a pile of gold.

### ### ##### ### ##
#.###)###)')###)###∩
##'##'##'###'##'##'#
##.....## ##.....##
###.....### #.....##
#)'..⌠..'.# +..∩..'.
###.....### #.....##
##@.o$.## ##.....##
##'##o##○###'##'##'#
#)## ###g#.###)###)
#'# ### #### ### ##
#)###.###.#.# .# #.
##'##'##'###'##'##'#
##...).## #....!#
###.....### .!.!(#
#.'..⌠))'.# o.⌠..+


You could see an orc warrior and an orc.

Vanquished Creatures
  Pikel (D:4)
  The ghost of WillowTheWall the Shooter, a novice HuHu (D:7)
  2 yaks (D:8)
  A steam dragon (D:8)
  Menkaure (D:4)
  3 water moccasins
  2 black bears (D:6)
  A sky beast (D:6)
  2 ogres
  5 kobold brigands
  3 bullfrogs
  4 scorpions
  9 wights
  2 jellies
  2 hounds (D:5)
  2 gnoll boudas (D:8)
  Natasha (thrice) (D:3)
  2 iguanas
  A killer bee simulacrum (D:7)
  22 gnolls
  8 adders
  5 river rats
  3 white imps
  2 ufetubi
  6 worms
  2 dart slugs
  19 orcs
  3 bats
  11 endoplasms
  6 giant cockroaches
  13 goblins
  5 hobgoblins
  4 jackals (D:3)
  2 quokkas (D:2)
  7 ball pythons
  5 frilled lizards
  16 kobolds
  12 rats
198 creatures vanquished.

Vanquished Creatures (collateral kills)
  A white imp (D:5)
1 creature vanquished.

Vanquished Creatures (others)
  A spectral killer bee (D:7)
1 creature vanquished.

Grand Total: 200 creatures vanquished

Notes
Turn   | Place    | Note
-------+----------+-------------------------------------------
     0 | D:1      | Newt the Demonspawn Gladiator began the quest for the Orb.
     0 | D:1      | Reached XP level 1. HP: 16/16 MP: 1/1
   156 | D:1      | Reached skill level 1 in Stealth
   339 | D:1      | Gained mutation: Your demonic aura sometimes causes spilled
                  | blood to erupt in flames. [demonic ancestry]
   339 | D:1      | Reached XP level 2. HP: 15/22 MP: 2/2
  1341 | D:1      | Found a faded altar of an unknown god.
  1532 | D:1      | Prayed at the altar of an unknown god.
  1532 | D:1      | Became a worshipper of Gozag Ym Sagoz the Greedy
  1592 | D:2      | Reached XP level 3. HP: 28/28 MP: 3/3
  1727 | D:2      | Reached XP level 4. HP: 24/37 MP: 4/4
  2412 | D:2      | Reached skill level 1 in Maces & Flails
  2532 | D:2      | Found a shimmering altar of Xom.
  3160 | D:3      | Reached XP level 5. HP: 42/42 MP: 5/5
  3169 | D:3      | Noticed Natasha
  3180 | D:3      | Killed Natasha
  3277 | D:3      | Noticed Natasha
  3289 | D:3      | Killed Natasha
  3760 | D:3      | Noticed Natasha
  3765 | D:3      | Killed Natasha
  3822 | D:4      | Found Jamniw's Weapon Emporium.
  3871 | D:4      | Gained mutation: Spells you cast may paralyse adjacent
                  | enemies. [demonic ancestry]
  3871 | D:4      | Reached XP level 6. HP: 48/48 MP: 6/6
  4205 | D:4      | Noticed Menkaure
  4219 | D:4      | Killed Menkaure
  4761 | D:4      | Reached XP level 7. HP: 26/54 MP: 7/7
  5128 | D:4      | Noticed Pikel
  5148 | D:4      | Killed Pikel
  5149 | D:4      | Reached skill level 5 in Dodging
  5619 | D:4      | Reached XP level 8. HP: 60/60 MP: 8/8
  5895 | D:5      | Entered Level 5 of the Dungeon
  5982 | D:5      | Found a glowing drain.
  6131 | Sewer    | Entered a sewer
  6523 | Sewer    | Reached skill level 5 in Fighting
  7438 | Sewer    | Reached skill level 1 in Armour
  7801 | D:5      | Found a burning altar of Makhleb.
  9332 | D:6      | Reached XP level 9. HP: 59/68 MP: 9/9
 10331 | D:6      | Reached skill level 10 in Fighting
 10331 | D:6      | Reached skill level 10 in Maces & Flails
 10331 | D:6      | Reached XP level 10. HP: 85/85 MP: 10/10
 11000 | D:7      | Found a staircase to the Ecumenical Temple.
 11051 | Temple   | Entered the Ecumenical Temple
 11336 | D:7      | Found a runed translucent gate.
 11337 | D:7      | Found a runed translucent gate.
 11338 | D:7      | Found a runed translucent gate.
 11340 | D:7      | Noticed WillowTheWall's ghost (novice HuHu)
 11349 | D:7      | Identified the +6 hand axe "Beetlebane" {protect, rPois
                  | Dex-5 SInv Stlth+}
 11739 | D:7      | Killed WillowTheWall's ghost
 11904 | D:8      | Identified the +6 long sword of Ipsorphu {vorpal, rC+ Will+
                  | Str+3}
 11919 | D:8      | Reached skill level 1 in Axes
 12165 | D:8      | Noticed a sixfirhy
 12174 | D:8      | Found a runed translucent door.
 12417 | D:8      | Found a flagged portal.
 12432 | Bailey   | Entered a bailey
 13101 | Bailey   | Reached skill level 5 in Axes
 13101 | Bailey   | Gained mutation: Your demonic aura often causes spilled
                  | blood to erupt in flames. [demonic ancestry]
 13101 | Bailey   | Reached XP level 11. HP: 21/87 MP: 11/11
 13124 | Bailey   | HP: 1/87 [orc warrior/+2 halberd of electrocution (11)]
 13127 | Bailey   | Slain by an orc warrior

Illustrated notes

Levels and vault maps discovered:
D:1:      elethiomel_arrival_diamonds, layout_rooms,
          shapermc_ecumenical_altar_notcrosses, st_stairs_1
D:2:      layout_basic, basic_altar, hex_large
D:3:      layout_basic, kennysheep_cluttered_room, kennysheep_nondescript,
          uniq_natasha
D:4:      nicolae_cairo_tiling_very_big, layout_basic, serial_shops,
          nicolae_shop_bloodbath_and_beyond, hangedman_glass_teeth, uniq_pikel,
          uniq_menkaure
D:5:      layout_rooms, bloody_makhleb, serial_corexii_hall,
          chequers_hall_statues_y, corexii_hall_statues_i, portal_sewer_entry_b
D:6:      layout_rooms
D:7:      layout_loops_ring, minmay_temple_entry_statues_pillars,
          gammafunk_ghost_necromancy
D:8:      cheibrodos_shockbox, layout_loops_corners, general_overflow_altar,
          enter_bailey_5, dreamdust_gnoll_shepherd
Temple:   mainiacjoe_temple_bowtie_tessellation
Bailey:   bailey_polearm_nasty_gnolls, bailey

Skill      XL: |  1  2  3  4  5  6  7  8  9 10 |
---------------+-------------------------------+-----
Stealth        | 1 2 |  2.0
Fighting       | 3 4 6 10 | 10.0
Maces & Flails | 2 3 4 6 10 | 10.4
Dodging        | 4 5 6 |  6.0
Armour         | 4 6 |  6.5
Axes           | 5 |  5.5
Evocations     | 4 |  4.6
Short Blades   | |  2.6
Throwing       | |  1.7

Action                   |  1- 3 |  4- 6 |  7- 9 | 10-12 || total
-------------------------+-------+-------+-------+-------++-------
Melee: Rapier            |    72 |       |       |       ||    72
       Whip              |    27 |   155 |   384 |    22 ||   588
       Punch             |       |     4 |    11 |     3 ||    18
       Hand axe          |       |       |       |   142 ||   142
Throw: Throwing net      |       |     2 |       |       ||     2
       Javelin           |       |       |     2 |     2 ||     4
       Dart              |       |       |     2 |       ||     2
Evoke: Wand              |       |       |       |     2 ||     2
  Use: Scroll            |       |       |    11 |     2 ||    13
       Potion            |       |       |     3 |     3 ||     6
 Stab: Sleeping          |     2 |       |       |     3 ||     5
       Held in net/web   |       |     4 |       |       ||     4
Armor: Leather armour    |    26 |       |       |       ||    26
       Scale mail        |    15 |    42 |   109 |    91 ||   257
Dodge: Dodged            |    59 |    74 |   164 |   110 ||   407

Table legend: (Time is in decaauts)
 A = Elapsed time spent in this place.
 B = Non-inter-level travel time spent in this place.
 C = Inter-level travel time spent in this place.
 D = Time resting spent in this place.
 E = Time spent auto-exploring this place.
 F = Levels seen in this place.
 G = Mean time per level.
                   A        B        C        D        E       F      G
               +--------+--------+--------+--------+--------+-----+--------+
         Total |  13208 |  12845 |    363 |   3523 |   7562 |  11 | 1200.7 |
       Dungeon |  10604 |  10260 |    344 |   3000 |   5999 |   8 | 1325.5 |
        Temple |    270 |    252 |     18 |      0 |    199 |   1 |  270.0 |
         Sewer |   1640 |   1640 |      0 |    330 |   1039 |   1 | 1640.0 |
        Bailey |    692 |    692 |      0 |    193 |    325 |   1 |  692.0 |
               +--------+--------+--------+--------+--------+-----+--------+

Top non-repeatable levels by time:
     D:4: 2065 daAuts
     D:5: 2016 daAuts
   Sewer: 1640 daAuts
     D:1: 1554 daAuts
     D:2: 1200 daAuts
     D:6: 1127 daAuts
     D:3: 1082 daAuts
     D:7: 1025 daAuts
  Bailey: 692 daAuts
     D:8: 532 daAuts
  Temple: 270 daAuts
